Map: Dusk Towers

Players

Bustedboy - Winner!

  • Race: Protoss Protoss
  • League: Gold

capac

  • Race: Terran Terran
  • League: Gold

VOD

Have the link to the VOD?

Description

Time

  • Played on: May 5, 2016, 3:23 p.m.
  • Length: 7:03
Show
View Real Time Build Order
Export as new Build Order

Bustedboy Protoss - Winner!

Build Orders: Blink Stalkers 

Get SALT Encoding   

  12  0:01  Probe (Chrono Boost)  
  13  0:11  Probe (Chrono Boost)  
  14  0:20  Pylon  
  14  0:22  Probe (Chrono Boost)  
  15  0:38  Probe (Chrono Boost)  
  16  0:49  Probe (Chrono Boost), Gateway  
  17  1:00  Probe (Chrono Boost)  
  17  1:01  Gateway  
  18  1:04  Assimilator  
  18  1:10  Probe (Chrono Boost)  
  19  1:20  Pylon  
  19  1:41  Cybernetics Core  
  18  2:00  Assimilator  
  18  2:14  Gateway  
  18  2:36  Stalker x2  
  22  2:41  Probe (Chrono Boost)  
  23  2:46  Twilight Council  
  23  2:50  Pylon  
  23  2:52  Probe (Chrono Boost)  
  23  2:54  Warp Gate (Chrono Boost)  
  24  3:02  Stalker  
  24  3:03  Probe  
  26  3:25  Probe  
  27  3:29  Blink (Chrono Boost)  
  27  3:38  Probe  
  28  3:52  Stalker x2  
  32  3:57  Stalker  
  35  4:02  Probe  
  35  4:10  Pylon  
  35  4:12  Pylon  
  35  4:16  Mothership Core  
  37  4:22  Pylon  
  37  4:33  Pylon  
  36  4:51  Stalker  
  36  4:52  Stalker x2  
  42  4:58  Pylon  
  42  5:15  Stalker x3  
  48  5:36  Stalker  
  48  5:38  Stalker  
  48  5:39  Stalker  
  54  6:07  Stalker x3  
  38  6:43  Stalker x3  
Show
View Real Time Build Order
Export as new Build Order

capac Terran 

Build Orders: Reaper Expand 

Get SALT Encoding   

  12  0:00  SCV  
  13  0:13  SCV  
  14  0:18  Supply Depot  
  14  0:25  SCV  
  15  0:40  SCV  
  15  0:41  Barracks  
  16  0:44  Refinery  
  16  0:52  SCV  
  18  1:04  SCV  
  18  1:16  SCV  
  19  1:28  Orbital Command  
  19  1:30  Reaper  
  20  1:53  Command Center  
  20  1:55  Supply Depot, SCV  
  21  2:10  Factory  
  21  2:14  SCV  
  21  2:17  Marine  
  22  2:23  Barracks  
  22  2:26  SCV  
  23  2:37  Barracks Reactor  
  23  2:38  SCV  
  23  2:42  Refinery  
  24  2:50  SCV  
  25  3:12  Barracks Reactor  
  24  3:13  Barracks Tech Lab  
  24  3:15  Barracks  
  24  3:17  Factory Tech Lab  
  24  3:20  Barracks  
  24  3:24  Starport  
  24  3:26  Orbital Command  
  24  3:28  Refinery  
  24  3:34  Marine x2  
  26  3:45  Siege Tank  
  26  3:47  Marine  
  30  3:51  SCV  
  31  4:01  Medivac  
  33  4:06  Supply Depot, SCV  
  33  4:07  SCV  
  35  4:14  Barracks Reactor  
  35  4:19  Stimpack  
  35  4:20  Marine x4  
  39  4:29  SCV  
  39  4:30  SCV  
  41  4:38  Supply Depot  
  41  4:41  Siege Tank  
  41  4:42  SCV x2  
  41  4:44  Marine x3  
  49  4:46  Marine  
  49  4:52  Refinery  
  50  4:56  SCV  
  50  4:57  SCV  
  52  5:00  Starport Reactor  
  52  5:03  Marine x2, Barracks Reactor  
  52  5:04  Marine  
  52  5:06  Marine  
  56  5:12  SCV x2  
  58  5:23  Marine x3  
  58  5:24  SCV  
  62  5:28  Supply Depot, SCV  
  63  5:35  Marine  
  63  5:42  Medivac x2  
  68  5:45  SCV x2  
  70  5:53  Supply Depot  
  70  5:56  Barracks Reactor  
  70  5:58  SCV x2  
  62  6:17  Marine x4  
  62  6:18  Marine  
  48  6:35  Marine x4  
Tags
 
Add a new tag
Caveats
  • Supply blocks, unpowered buildings, or Contaminate may cause inaccurate times.
  • Supply counts are checked every 10 seconds.